 Dungeon Crawl Stone Soup version 0.18-a0-1789-gbeff17f (webtiles) character file.

28021 ololoev the Earth Mage (level 13, -1/68 HPs)
             Began as a Gargoyle Earth Elementalist on Apr 21, 2016.
             Was an Elder of Vehumet.
             Slain by an unseen horror (6 damage)
             ... on level 14 of the Dungeon.
             The game lasted 02:19:27 (15761 turns).

ololoev the Earth Mage (GrEE)                      Turns: 15761, Time: 02:19:28

Health: -1/68      AC: 16    Str: 13    XL:     13   Next: 36%
Magic:  24/29      EV: 13    Int: 20    God:    Vehumet [****..]
Gold:   1079       SH:  5    Dex: 15    Spells: 6 memorised, 16 levels left

rFire  + . .     SeeInvis .     b - 90 stones
rCold  . . .     Gourm    .     u - +2 robe {rF+}
rNeg   + . .     Faith    +     o - +0 buckler
rPois  ∞         Spirit   .     L - +0 hat {MR+}
rElec  +         Dismiss  .     p - +2 cloak
rCorr  .         Reflect  .     (no gloves)
SustAt .         Harm     .     (no boots)
MR     +....                    t - amulet of faith
Stlth  ++........               (no ring)
                                A - +5 ring of dexterity

@: somewhat resistant to hostile enchantments, unstealthy
A: negative energy resistance 1, electricity resistance, unbreathing,
petrification resistance, rot immunity, AC +9
a: Renounce Religion


Innate Abilities, Weirdness & Mutations

You are resistant to torment.
Your stone body is resilient (AC +9).
You are immune to poison.
You resist negative energy.
You are resistant to electric shocks.
You can survive without breathing.
You are immune to petrification.
You are immune to rotting.

Inventory:

Hand Weapons
 a - a +2 short sword of electrocution
Missiles
 b - 90 stones (in hand)
Armour
 o - a +0 buckler (worn)
 p - a +2 cloak (worn)
 u - a +2 robe of fire resistance (worn)
 L - a +0 hat of magic resistance (worn)
Jewellery
 t - an amulet of faith (around neck)
 A - a +5 ring of dexterity (left hand)
Wands
 v - a wand of flame (28/48)
 B - a wand of acid (5/15)
 C - a wand of confusion (29/48)
 K - a wand of iceblast (6/15)
 N - a wand of teleportation (3/9)
 O - a wand of disintegration (10/24)
Scrolls
 e - a scroll of immolation {unknown}
 j - 2 scrolls of noise {unknown}
 l - 5 scrolls of remove curse
 n - a scroll of amnesia {unknown}
 s - 2 scrolls of recharging {unknown}
 x - 5 scrolls of magic mapping {unknown}
 y - a scroll of fog
 H - 2 scrolls of enchant weapon {unknown}
 I - 5 scrolls of teleportation {unknown}
 M - a scroll of blinking
Potions
 f - a potion of resistance
 g - 3 potions of berserk rage
 h - 2 potions of curing
 m - 2 potions of brilliance
 r - a potion of magic
 z - a potion of ambrosia
 D - a potion of invisibility {unknown}
 E - 2 potions of cure mutation
 J - a potion of might
 P - a potion of haste {unknown}
 R - a potion of lignification {unknown}
Books
 c - a book of Geomancy

   Spells                             Type                      Level
   a - Sandblast                      Earth                        1
   b - Passwall                       Transmutation/Earth          2
   c - Stone Arrow                    Conjuration/Earth            3
   d - Petrify                        Transmutation/Earth          4
   e - Lee's Rapid Deconstruction     Earth                        5
Comestibles
 d - 7 bread rations
 i - 2 meat rations
 q - 3 fruits
 F - 2 beef jerkies
 G - 9 slices of pizza


   Skills:
 + Level 3.3 Fighting
 + Level 3.3 Armour
 + Level 3.1 Dodging
 - Level 2.1 Stealth
 + Level 3.2 Shields
 * Level 12.2 Spellcasting
 * Level 10.3 Conjurations
 - Level 0.7 Transmutations
 * Level 16.0 Earth Magic


You had 16 spell levels left.
You knew the following spells:

 Your Spells              Type           Power        Failure   Level  Hunger
a - Sandblast             Erth           ######       0%          1    None
b - Passwall              Trmt/Erth      #####.....   1%          2    None
c - Stone Arrow           Conj/Erth      ######       1%          3    None
d - Lee's Rapid Deconstr  Erth           ######....   1%          5    ####...
e - Mephitic Cloud        Conj/Pois/Air  ####....     1%          3    None
s - Iron Shot             Conj/Erth      ######....   1%          6    ######.


You were on level 14 of the Dungeon.
You worshipped Vehumet.
Vehumet was greatly pleased with you.
You were hungry.

You visited 2 branches of the dungeon, and saw 16 of its levels.

You collected 1079 gold pieces.

#......# #.####.#
#.###..##### #.##)......#
#.##.#.###(# ###########
#.##.#.###.####.........#
#......#.#.C....#.#####.#
####....#.#####...# #.#
#####@## #########.#
#.########.......#
#.#........####..#
#.#.......>.......
#.#........#....(.
####.#...[....#.##.#.
#....#........#....#.
#.####.............#. #.#
#........#!.....

Notes
Turn   | Place    | Note
--------------------------------------------------------------
     0 | D:1      | ololoev the Gargoyle Earth Elementalist began the quest for the Orb.
     0 | D:1      | Reached XP level 1. HP: 10/10 MP: 3/3
     0 | D:1      | jacquesderrida: loleer
   312 | D:1      | Reached skill level 4 in Earth Magic
   312 | D:1      | Reached XP level 2. HP: 15/15 MP: 5/5
   346 | D:1      | Learned a level 2 spell: Passwall
   622 | D:1      | Reached XP level 3. HP: 19/19 MP: 6/6
   627 | D:1      | Learned a level 3 spell: Stone Arrow
  1109 | D:2      | jacquesderrida: хай
  1315 | D:2      | ololoev: хмммм
  1315 | D:2      | ololoev: вера
  1315 | D:2      | ololoev: интересно
  1341 | D:2      | Reached XP level 4. HP: 24/24 MP: 8/8
  1540 | D:3      | Noticed Grinder
  1552 | D:2      | Reached skill level 5 in Earth Magic
  1764 | D:2      | Reached skill level 1 in Conjurations
  1934 | D:3      | Noticed macross's ghost (weakling SpAs)
  2049 | D:3      | Paralysed by Grinder for 2 turns
  2056 | D:3      | Killed Grinder
  2056 | D:3      | Reached skill level 6 in Earth Magic
  2056 | D:3      | Reached XP level 5. HP: 12/28 MP: 0/10
  2056 | D:3      | Reached XP level 6. HP: 14/32 MP: 0/11
  2289 | D:3      | Killed macross's ghost
  2766 | D:3      | Learned a level 5 spell: Lee's Rapid Deconstruction
  2880 | D:4      | Found a staircase to the Ecumenical Temple.
  2889 | Temple   | Entered the Ecumenical Temple
  2920 | D:4      | ololoev: где мой вегумет, педики??
  2954 | D:4      | Found a basalt altar of Yredelemnul.
  2957 | D:4      | Goblin1989: ололоев! :(
  2975 | D:4      | Found an opulent altar of Gozag.
  2977 | D:4      | Found a radiant altar of Vehumet.
  2977 | D:4      | Found a shadowy altar of Dithmenos.
  2977 | D:4      | Found a snail-covered altar of Cheibriados.
  2978 | D:4      | Found an ancient bone altar of Kikubaaqudgha.
  2983 | D:4      | Became a worshipper of Vehumet
  2988 | D:4      | ololoev: а, вот же он!
  3082 | D:4      | Goblin1989: мне зиг с салом попался :'(
  3086 | D:4      | ololoev: такс, интересно
  3086 | D:4      | Goblin1989: на 9-м уровне
  3153 | D:4      | Reached XP level 7. HP: 25/36 MP: 13/13
  3493 | D:4      | Found a burning altar of Makhleb.
  3579 | D:4      | Found a glowing silver altar of Zin.
  3962 | D:5      | Entered Level 5 of the Dungeon
  3974 | D:5      | Reached skill level 5 in Spellcasting
  3974 | D:5      | Reached skill level 7 in Earth Magic
  4036 | D:5      | Reached * piety under Vehumet
  4036 | D:5      | Offered knowledge of Sting by Vehumet.
  4078 | D:5      | Noticed Eustachio
  4098 | D:5      | Killed Eustachio
  4098 | D:5      | Reached XP level 8. HP: 40/41 MP: 10/16
  4384 | D:5      | Reached skill level 8 in Earth Magic
  4502 | D:5      | Noticed a moth of wrath
  4642 | D:5      | Killed a moth of wrath
  4644 | D:5      | Found a bloodstained altar of Trog.
  4805 | D:5      | Got an iridescent mace {vamp}
  4832 | D:5      | Reached skill level 9 in Earth Magic
  4884 | D:5      | Found a bloodstained altar of Trog.
  5171 | D:5      | Identified the cursed +0 mace of Bodily Harmony {vamp, rPois Str-2 Dex+7} (You took it off a goblin on level 5 of the Dungeon)
  5427 | D:6      | Reached ** piety under Vehumet
  5427 | D:6      | Offered knowledge of Searing Ray by Vehumet.
  5427 | D:6      | Reached skill level 5 in Conjurations
  5435 | D:6      | Reached XP level 9. HP: 36/45 MP: 8/19
  5707 | D:6      | Found a sacrificial altar of Ru.
  5741 | D:6      | Offered knowledge of Mephitic Cloud by Vehumet.
  5746 | D:6      | Learned a level 3 spell: Mephitic Cloud
  5863 | D:6      | Found a deep blue altar of Sif Muna.
  5868 | D:6      | Reached skill level 10 in Earth Magic
  6077 | D:6      | Reached *** piety under Vehumet
  6717 | D:7      | Offered knowledge of Iskenderun's Mystic Blast by Vehumet.
  6722 | D:7      | Noticed SkaryMonk's ghost (novice OpAs)
  6872 | D:7      | Killed SkaryMonk's ghost
  6896 | D:7      | Reached skill level 11 in Earth Magic
  7007 | D:7      | Reached XP level 10. HP: 50/50 MP: 9/22
  7280 | D:7      | Reached **** piety under Vehumet
  7281 | D:7      | Noticed Prince Ribbit
  7282 | D:7      | Killed Prince Ribbit
  7801 | D:8      | Offered knowledge of Force Lance by Vehumet.
  8350 | D:8      | Reached skill level 12 in Earth Magic
  8554 | D:9      | Found a staircase to the Lair.
  8585 | D:9      | Found an iron altar of Okawaru.
  8683 | D:9      | Reached ***** piety under Vehumet
  8731 | D:9      | Offered knowledge of Spellforged Servitor by Vehumet.
  9202 | D:9      | Noticed Gastronok
  9213 | D:9      | Killed Gastronok
  9213 | D:9      | Reached skill level 10 in Spellcasting
  9213 | D:9      | Reached skill level 13 in Earth Magic
  9213 | D:9      | Reached XP level 11. HP: 54/54 MP: 7/25
  9214 | D:9      | ololoev: где моя шапка пондеринга??
  9214 | D:9      | ololoev: педики!
  9214 | D:9      | ololoev: педики эвривэа!
  9494 | D:10     | Entered Level 10 of the Dungeon
  9559 | D:10     | Noticed Joseph
  9592 | D:10     | Goblin1989: глянь еще разик меня. что-то как-то прижали
 10334 | D:10     | Killed Joseph
 10405 | D:11     | Killed an unseen horror
 10682 | D:11     | Noticed a manticore
 10697 | D:11     | Killed a manticore
 10826 | D:11     | Found a staircase to the Orcish Mines.
 10943 | D:11     | Reached skill level 14 in Earth Magic
 11768 | D:12     | Noticed a six-headed hydra
 11776 | D:12     | Killed a six-headed hydra
 11776 | D:12     | Reached XP level 12. HP: 26/59 MP: 23/27
 12328 | D:12     | Noticed Maud
 12346 | D:12     | Killed Maud
 12346 | D:12     | Reached skill level 15 in Earth Magic
 12504 | D:12     | Offered knowledge of Iron Shot by Vehumet.
 12512 | D:12     | Learned a level 6 spell: Iron Shot
 12512 | D:12     | ololoev: живем!!
 12710 | D:12     | Noticed Maurice
 12717 | D:12     | Killed Maurice
 12722 | D:12     | Reached skill level 1 in Armour
 13078 | D:13     | Noticed Snorg
 13131 | D:12     | ololoev: партизан, по поводу зигов
 13131 | D:12     | ololoev: транк это новейшая версия
 13131 | D:12     | ololoev: тут вход в зиг есть только в депсах
 13131 | D:12     | ololoev: и в томбе есть фигурка
 13131 | D:12     | ololoev: в конце каждого зига тоже лежит фигурка
 13131 | D:12     | ololoev: фигурку можно эвокнуть чтобы создать вход в новый зиг
 13131 | D:12     | partizan: спасибо, я ещё спросить хотел - если из зига вышел, потом можно опять зайти?
 13131 | D:12     | ololoev: нет, вход одноразовый
 13131 | D:12     | ololoev: то ест либо делаешь до конца и выходишь с фигуркой, либо теряешь его
 13132 | D:13     | Found a gate to the Vaults.
 13132 | D:13     | Noticed Norris
 13132 | D:13     | Noticed Donald
 13132 | D:13     | Noticed Rupert
 13132 | D:13     | Noticed a centaur warrior
 13145 | D:12     | Reached skill level 1 in Fighting
 13145 | D:12     | Reached skill level 1 in Shields
 13188 | D:13     | Killed Snorg
 13993 | D:13     | Killed a centaur warrior
 14004 | D:13     | partizan: пойду ка я собираться на работу, может ещё загляну)
 14492 | D:14     | Noticed Josephine
 14499 | D:14     | Killed Josephine
 14502 | D:14     | Reached XP level 13. HP: 68/68 MP: 11/28
 14749 | D:14     | Noticed Sonja
 14752 | D:14     | Killed Sonja
 14752 | D:14     | Reached skill level 10 in Conjurations
 15199 | D:14     | Noticed Azrael
 15212 | D:14     | Killed Azrael
 15367 | D:15     | Entered Level 15 of the Dungeon
 15713 | D:15     | Reached skill level 16 in Earth Magic
 15761 | D:14     | Slain by an unseen horror

Dungeon Overview and Level Annotations

Branches:
Dungeon (15/15)            Temple (1/1) D:4            Lair (0/8) D:9
    Orc (0/2) D:11         Vaults (0/5) D:13
 Depths: D:15

Altars:
Ashenzari
Cheibriados
Dithmenos
Elyvilon
Fedhas
Gozag
Kikubaaqudgha
Makhleb
Nemelex Xobeh
Okawaru
Pakellas
Qazlal
Ru
Sif Muna
Trog
Vehumet
Xom
Yredelemnul
Zin
The Shining One

Annotations:
D:13 Donald, Norris, Rupert


Message History

The wolf spider zombie hits you but does no damage.
The wolf spider zombie bites you!
Casting: Sandblast
Confirm with . or Enter, or press ? or * to list all spells.
Aiming: Sandblast
Press: ? - help, Shift-Dir - straight line, f/p - wolf spider zombie
Aim: a wolf spider zombie The rocky blast hits the wolf spider zombie.
You block the wolf spider zombie's attack.
The wolf spider zombie bites you.
The wight hits you from afar with a spear.
Casting: Sandblast
Confirm with . or Enter, or press ? or * to list all spells.
Aiming: Sandblast
Press: ? - help, Shift-Dir - straight line, f/p - wolf spider zombie
Aim: a wolf spider zombie The rocky blast hits the wolf spider zombie.
The wolf spider zombie hits you!
The wolf spider zombie bites you but does no damage.
The wight barely misses you.
Casting: Sandblast
Confirm with . or Enter, or press ? or * to list all spells.
Aiming: Sandblast
Press: ? - help, Shift-Dir - straight line, f/p - wolf spider zombie
Aim: a wolf spider zombie The rocky blast hits the wolf spider zombie.
The wolf spider zombie barely misses you.
The wolf spider zombie bites you but does no damage.
The wight hits you from afar with a spear.
The wolf spider zombie hits you but does no damage.
The wolf spider zombie closely misses you.
The wight hits you but does no damage.
Casting: Sandblast
Confirm with . or Enter, or press ? or * to list all spells.
Aiming: Iron Shot
Press: ? - help, Shift-Dir - straight line, f/p - wolf spider zombie
Aim: a wolf spider zombie The iron shot misses the wolf spider zombie.
The iron shot hits the wight.
You destroy the wight!
Vehumet accepts your kill.
You feel your power returning.
You block the wolf spider zombie's attack.
The wolf spider zombie misses you. The wight closely misses you.
Casting: Iron Shot
Confirm with . or Enter, or press ? or * to list all spells.
Aiming: Iron Shot
Press: ? - help, Shift-Dir - straight line, f/p - wolf spider zombie
Aim: a wolf spider zombie The iron shot hits the wolf spider zombie.
You destroy the wolf spider zombie!
Vehumet accepts your kill.
You feel your power returning.
Your Earth Magic skill increases to level 16!
You are near starving!
Casting: Iron Shot
Confirm with . or Enter, or press ? or * to list all spells.
Aiming: Sandblast
Press: ? - help, Shift-Dir - straight line, f - wight
Aim: a wight, wielding a scimitar and wearing a robe The rocky blast hits the wight.
You destroy the wight!
Vehumet accepts your kill.
You feel your power returning.
Eat which item? (? for menu, Esc to quit)
You are feeling hungry.
That snozzcumber tasted truly putrid!
There is a stone staircase leading up here.
You climb upwards.
A hill giant comes into view. It is wielding a giant club.
The hill giant shouts!
There is a stone staircase leading down here.
A hill giant is nearby!
Read which item? (? for menu, Esc to quit)
Okay, then.
The hill giant hits you with a giant club!!
Drink which item? (? for menu, Esc to quit)
Okay, then.
Something hits you.
You die...

You could see a hill giant.

Vanquished Creatures
  Gastronok (D:9)
  Maud (D:12)
  Azrael (D:14)
  Josephine (D:14)
  Snorg (D:13)
  2 hydras
  A centaur warrior (D:13)
  Sonja (D:14)
  An unseen horror (D:11)
  4 hill giants (D:12)
  An orc knight (D:14)
  2 manticores
  A wolf spider zombie (D:15)
  A moth of wrath (D:5)
  2 cyclopes
  Joseph (D:10)
  Maurice (D:12)
  2 gargoyles
  2 centaur skeletons
  The ghost of SkaryMonk the Slicer, a novice OpAs of Dithmenos (D:7)
  An efreet (D:15)
  3 two-headed ogres
  3 trolls
  Prince Ribbit (D:7)
  4 slime creatures (D:12)
  Grinder (D:3)
  A vampire (D:10)
  A shadow (D:14)
  3 wyverns
  4 wraiths (D:14)
  5 yaks
  2 fire elementals (D:14)
  3 humans
  Eustachio (D:5)
  3 hippogriffs
  3 vampire mosquitoes
  3 hungry ghosts
  A soldier ant (D:14)
  2 hell hounds (D:14)
  3 sky beasts
  An eye of draining (D:12)
  4 ice beasts
  5 ogres
  2 phantoms
  5 orc warriors
  A crocodile (D:9)
  9 centaurs
  2 big kobolds
  9 giant frogs
  A gnoll sergeant (D:7)
  7 scorpions
  5 jellies
  5 killer bees (D:10)
  17 wights
  A howler monkey (D:13)
  8 crimson imps
  3 giant frog zombies
  2 centaur zombies
  The ghost of macross the Sneak, a weakling SpAs (D:3)
  A quasit (D:12)
  2 giant frog skeletons
  5 hounds
  5 orc wizards
  4 orc priests
  5 iguanas
  5 worker ants
  3 sheep (D:7)
  A hound zombie (D:8)
  2 worker ant zombies (D:8)
  7 gnolls
  A howler monkey skeleton (D:5)
  8 adders
  A shadow imp (D:6)
  3 oozes
  An adder skeleton (D:8)
  2 worms (D:5)
  2 dart slugs (D:1)
  9 giant geckos
  47 orcs
  5 giant cockroaches
  5 goblins
  11 hobgoblins
  8 jackals
  19 kobolds
  2 quokkas
  2 ball pythons (D:3)
  A ball python skeleton (D:4)
  4 bats
  A giant gecko skeleton (D:4)
  5 giant newts
  A quokka skeleton (D:8)
  6 rats
  A spectral orc (D:4)
349 creatures vanquished.

Action                   |  1- 3 |  4- 6 |  7- 9 | 10-12 | 13-15 || total
-------------------------+-------+-------+-------+-------+-------++-------
Melee: Short sword       |    71 |   119 |   187 |   154 |       ||   531
 Cast: Sandblast         |     1 |    26 |    66 |   189 |    35 ||   317
       Lee's Rapid Decon |       |       |    24 |    58 |    12 ||    94
       Stone Arrow       |       |       |     6 |    14 |       ||    20
       Mephitic Cloud    |       |       |     1 |     5 |       ||     6
       Iron Shot         |       |       |       |     9 |    10 ||    19
Evoke: Wand              |       |       |     3 |     1 |       ||     4
  Use: Scroll            |       |       |    11 |    11 |       ||    22
 Stab: Sleeping          |     5 |     2 |     3 |       |       ||    10
       Distracted        |       |       |     1 |       |       ||     1
  Eat: Chunk             |     1 |     6 |    18 |    33 |     5 ||    63
       Royal jelly       |       |       |     1 |       |       ||     1
       Pizza             |       |       |     1 |       |       ||     1
       Beef jerky        |       |       |     1 |       |       ||     1
       Fruit             |       |       |       |     6 |     4 ||    10
Armor: Robe              |    17 |    72 |    86 |   152 |    13 ||   340
Dodge: Dodged            |    43 |    90 |   123 |   206 |    21 ||   483
Block: Buckler           |       |       |       |       |    10 ||    10

Vault maps used:
D:1:      scummos_arrival_forest
D:3:      uniq_grinder
D:4:      kennysheep_mini, yredelemnul_forgotten_temple_becter,
          makhleb_heckhound_becter, grunt_temple_overflow_open,
          minmay_temple_entry_mist, first_bread, kennysheep_windowed_goal
D:5:      tgw_trog, trog_hazing_becter, uniq_eustachio
D:6:      lemuel_upstairs_altar, nicolae_ru_great_annihilating_truth,
          lemuel_doored_altar, hangedman_decor_opposing
D:7:      grunt_livestock, uniq_prince_ribbit1
D:8:      st_stairs_11
D:9:      okawaru_gym_becter, dpeg_oklobed_lair, uniq_gastronok
D:10:     uniq_joseph
D:11:     orc_david_3
D:12:     dk_vineyard_3, uniq_maurice, uniq_maud
D:13:     david_vaults_3, minmay_misc_feat_ornament, minmay_splitting_lines,
          kennysheep_generic_room_15, uniq_snorg
D:14:     minmay_misc_feat_roman, uniq_azrael, uniq_sonja, uniq_josephine
D:15:     grunt_enter_depths_magical_seal, serial_shops, shop_statue,
          kennysheep_pointless_box, uniq_urug
Temple:   temple_eino_lava_8
